 Dungeon Crawl Stone Soup version 0.29-a0-653-gd47aff6735 (webtiles) character file.

Game seed: 9328749720090423494

145 HoaS the Ruffian (level 5, -2/32 HPs)
             Began as a Tengu Berserker on June 21, 2022.
             Was a Believer of Trog.
             Slain by a gnoll
             ... wielding a +0 halberd
              (12 damage)
             ... on level 3 of the Dungeon.
             The game lasted 00:04:18 (2503 turns).

HoaS the Ruffian (Tengu Berserker)                  Turns: 2503, Time: 00:04:19

Health: -2/32      AC:  7    Str: 20    XL:     5   Next: 27%
Magic:  6/6        EV: 12    Int:  7    God:    Trog [**....]
Gold:   36         SH:  0    Dex: 13    Spells: 4/4 levels left

rFire   . . .      SeeInvis .     - Unarmed
rCold   . . .      Faith    .   (no shield)
rNeg    . . .      Spirit   .   b - +1 scale mail
rPois   .          Reflect  .   (helmet restricted)
rElec   .          Harm     .   (no cloak)
rCorr   .          Rampage  .   (no gloves)
Will    .....                   (boots unavailable)
Stlth   ..........              (no amulet)
HPRegen 0.10/turn               (no ring)
MPRegen 0.10/turn               (no ring)

@: flying quickly and evasively, quick
A: beak, talons 3, nimble flight
a: Renounce Religion, Berserk, Trog's Hand


You were on level 3 of the Dungeon.
You worshipped Trog.
Trog was pleased with you.
You visited 1 branch of the dungeon, and saw 3 of its levels.

You collected 62 gold pieces.
You spent 26 gold pieces at shops.

Inventory:

Armour
 b - a +1 scale mail (worn)
Scrolls
 e - a scroll of brand weapon {unknown}
 g - 2 scrolls of silence
Potions
 a - 2 potions of lignification
 c - a potion of curing
 d - 3 potions of attraction
 f - a potion of mutation
 h - a potion of ambrosia
 j - a potion of cancellation {unknown}


   Skills:
 - Level 3.0 Fighting
 - Level 2.1 Armour
 - Level 2.1 Dodging
 + Level 6.4 Unarmed Combat


You had 4 spell levels left.
You didn't know any spells.
Your spell library was empty.

Dungeon Overview and Level Annotations

Branches:
Dungeon (3/15)

Altars:

Shops:
D:3 ?[


Innate Abilities, Weirdness & Mutations

You have a beak for a mouth.
You have claws for feet.
Your magical nature lets you fly swiftly and evasively.


Message History

A gnoll comes into view. It is wielding a +0 spear.
The gnoll shouts!
You hear a shout! x2
A gnoll is nearby!
A gnoll is nearby!
A gnoll comes into view. It is wielding a +0 flail.
The gnoll shouts!
A gnoll comes into view. It is wielding a +0 spear.
A gnoll comes into view. It is wielding a +0 halberd.
The gnoll shouts!
The gnoll barely misses you.
You punch the gnoll! You claw the gnoll. You peck the gnoll, but do no damage.
The gnoll is severely wounded.
The gnoll barely misses you.
You closely miss the gnoll. You claw the gnoll.
You kill the gnoll!
Trog accepts your kill.
You have reached level 5!
Your magical nature develops, letting you fly swiftly and evasively.
You hit the gnoll. You claw the gnoll!
You kill the gnoll!
Trog accepts your kill.
The gnoll hits you from afar with a +0 spear.
Found a scroll labelled OREITRA FUTZ.
The gnoll closely misses you. The gnoll barely misses you.
Items here: )) ††.
You hit the gnoll. You claw the gnoll!
The gnoll is heavily wounded.
The gnoll closely misses you. The gnoll hits you with a +0 spear.
You punch the gnoll!
You kill the gnoll!
Trog accepts your kill.
Found 15 gold pieces.
The gnoll hits you with a +0 halberd!
Things that are here:
a +0 spear; a gnoll corpse You barely miss the gnoll.
Your kick misses the gnoll. Your peck misses the gnoll.
The gnoll closely misses you.
You hit the gnoll. Your kick misses the gnoll.
The gnoll is lightly wounded.
The gnoll hits you with a +0 halberd!
You die...

>... #.# .... #.#
...##.#### #.##....#
#.......#
#..##...######## ####
#..#.).......... .....
#..#.)..########......
#..#.........)@g......
#..#.#.#########......
#..#.#.# .....
#..#.#.# ..?. #..#.#.#
... #..#)#.# $.
.##......# #
.....#.#.# .##......#


You could see a gnoll.

Vanquished Creatures
  3 gnolls (D:3)
  4 adders
  3 worms (D:2)
  5 orcs (D:3)
  6 bats
  4 endoplasms
  3 giant cockroaches
  10 goblins
  5 hobgoblins
  6 jackals
  3 quokkas
  4 ball pythons
  4 frilled lizards
  2 kobolds (D:1)
  3 rats
65 creatures vanquished.

Vanquished Creatures (others)
  A plant (D:3)
1 creature vanquished.

Grand Total: 66 creatures vanquished

Notes
Turn   | Place    | Note
-------+----------+-------------------------------------------
     0 | D:1      | HoaS the Tengu Berserker began the quest for the Orb.
     0 | D:1      | Reached XP level 1. HP: 14/14 MP: 2/2
   188 | D:1      | Reached XP level 2. HP: 18/19 MP: 3/3
   204 | D:1      | Reached skill level 4 in Unarmed Combat
   268 | D:1      | Reached XP level 3. HP: 14/23 MP: 4/4
   414 | D:1      | Reached ** piety under Trog
  1248 | D:2      | Reached skill level 5 in Unarmed Combat
  1249 | D:2      | Reached XP level 4. HP: 28/28 MP: 5/5
  1344 | D:2      | Found a faded altar of an unknown god.
  2221 | D:3      | Found Goagiag's Magic Scroll Shoppe.
  2235 | D:3      | Bought a scroll of identify for 26 gold pieces
  2249 | D:3      | Found Vitirete's Antique Armour Emporium.
  2349 | D:3      | Reached skill level 6 in Unarmed Combat
  2497 | D:3      | Gained mutation: Your magical nature lets you fly swiftly
                  | and evasively. [Tengu growth]
  2497 | D:3      | Reached XP level 5. HP: 32/32 MP: 6/6
  2503 | D:3      | Slain by a gnoll

Illustrated notes

Levels and vault maps discovered:
D:1:      spicycebolla_arrival_xxxplode, layout_loops_ring, minmay_cut_off
D:2:      layout_basic, basic_ecumenical_altar
D:3:      layout_basic, serial_shops, nicolae_shop_trees,
          nicolae_shop_overgrown_old_shop, nicolae_shop_hallway_plus, shop,
          nicolae_shop_advertising_works [nicolae_subvault_shop_adworks],
          minmay_ruptured

Skill      XL: |  1  2  3  4 |
---------------+-------------+-----
Unarmed Combat | 4 5 6 |  6.4
Fighting       | |  3.0
Armour         | |  2.1
Dodging        | |  2.1

Action                   |  1- 3 |  4- 6 || total
-------------------------+-------+-------++-------
Melee: Unarmed           |    79 |    56 ||   135
       Kick              |    15 |    16 ||    31
       Peck              |    14 |     5 ||    19
       Punch             |     2 |     1 ||     3
Invok: Berserk           |     1 |       ||     1
  Use: Scroll            |     3 |     9 ||    12
Armor: Animal skin       |     1 |       ||     1
       Scale mail        |    35 |    19 ||    54
Dodge: Dodged            |    57 |    27 ||    84

Table legend: (Time is in decaauts)
 A = Elapsed time spent in this place.
 B = Non-inter-level travel time spent in this place.
 C = Inter-level travel time spent in this place.
 D = Time resting spent in this place.
 E = Time spent auto-exploring this place.
 F = Levels seen in this place.
 G = Mean time per level.
                   A        B        C        D        E       F      G
               +--------+--------+--------+--------+--------+-----+--------+
         Total |   2503 |   2425 |     78 |    873 |   1221 |   3 |  834.3 |
       Dungeon |   2503 |   2425 |     78 |    873 |   1221 |   3 |  834.3 |
               +--------+--------+--------+--------+--------+-----+--------+

Top non-repeatable levels by time:
     D:1: 1172 daAuts
     D:2: 1052 daAuts
     D:3: 278 daAuts
